 Dungeon Crawl Stone Soup version 0.30.0-29-ga12c61a403 (webtiles) character file.

Game seed: 12534390531802155083

2 ChadusMaximus the Caller (level 1, 0/13 HPs)
             Began as a Barachi Summoner on June 24, 2023.
             Slain by a jackal (3 damage)
             ... on level 1 of the Dungeon.
             The game lasted 00:00:27 (60 turns).

ChadusMaximus the Caller (Barachi Summoner)           Turns: 60, Time: 00:00:28

Health: 0/13       AC:  2    Str:  9    XL:     1   Next: 30%
Magic:  0/3        EV: 12    Int: 15    God:
Gold:   22         SH:  0    Dex: 12    Spells: 3/4 levels left

rFire   . . .        d - +0 whip
rCold   . . .        (no shield)
rNeg    . . .        a - +0 robe
rPois   .            (no helmet)
rElec   .            (no cloak)
rCorr   .            (no gloves)
SInv    .            (no boots)
Will    .....        (no amulet)
Stlth   ++           (no ring)
HPRegen 0.22/turn    (no ring)
MPRegen 0.08/turn

%: no passive effects
@: unable to hop, slow
A: amphibious, slowness 1, strong legs 1, +LOS
a: Hop


You were on level 1 of the Dungeon.
You visited 1 branch of the dungeon, and saw 1 of its levels.

You collected 22 gold pieces.

Inventory:

Hand Weapons
 d - a +0 whip (weapon)
Armour
 a - a +0 robe (worn)
Scrolls
 c - a scroll of teleportation {unknown}
Potions
 b - a potion of magic


   Skills:
 + Level 2.2 Dodging
 + Level 1.8 Stealth
 + Level 2.2 Spellcasting
 + Level 4.8 Summonings


You had 3 spell levels left.
You knew the following spells:

 Your Spells              Type           Power      Damage    Failure   Level
a - Summon Small Mammal   Summ           64%        N/A       3%          1

Your spell library contained the following spells:

 Spells                   Type           Power      Damage    Failure   Level
 Call Imp                 Summ           32%        N/A       4%          2
 Call Canine Familiar     Summ           16%        N/A       9%          3
 Summon Guardian Golem    Hex/Summ       9%         N/A       24%         3
 Summon Lightning Spire   Summ/Air       9%         N/A       61%         4


Dungeon Overview and Level Annotations

Branches:
Dungeon (1/15)

Altars:


Innate Abilities, Weirdness & Mutations

You are amphibious.
You cover ground slowly.
You can hop short distances.
You have an extended range of vision and can be seen from far away.


Message History

d - a +0 whip (weapon)
The jackal completely misses you. The jackal bites you.
* * * LOW HITPOINT WARNING * * *
Unknown command.
Your bat misses the jackal. The jackal barely misses you. x2
Your quokka bites the jackal.
The jackal dies!
Your bat closely misses the jackal.
Your bat barely misses the jackal.
The jackal misses you.
Your quokka bites the jackal but does no damage.
Your bat hits the jackal. The jackal misses you.
Your bat closely misses the jackal.
Your quokka misses the jackal. The jackal attacks as you move away!
The jackal misses you. The jackal bites you.
* * * LOW HITPOINT WARNING * * *
Your bat misses the jackal.
Your quokka barely misses the jackal.
The jackal closely misses you.
Your bat barely misses the jackal.
Your quokka closely misses the jackal.
The jackal bites you but does no damage.
Your bat misses the jackal.
Your quokka bites the jackal.
The jackal misses your quokka.
Your quokka closely misses the jackal.
The jackal bites your quokka.
Your bat misses the jackal.
Your quokka disappears in a puff of smoke!
Your bat hits the jackal but does no damage.
Your bat hits the jackal.
Your bat hits the jackal but does no damage.
Your bat hits the jackal but does no damage.
The jackal closely misses your bat.
Your bat disappears in a puff of smoke!
Casting: Summon Small Mammal (safe; 3% risk of failure)
Confirm with . or Enter, or press ? or * to list all spells.
Casting: Summon Small Mammal (safe; 3% risk of failure)
Confirm with . or Enter, or press ? or * to list all spells.
The jackal bites you.
* * * LOW HITPOINT WARNING * * *
You barely miss the jackal.
The jackal is severely wounded.
The jackal bites you.
You die...

##..........⌠..........###
...⌠.................⌠...#
.......⌠.........⌠..).....
..........................
.⌠..†.......<..........⌠..
................(.........
.......⌠...§.§...⌠........
...⌠.........§..r....⌠...#
##..........§..h@.r....###
#####.............#####
###############


You could see a jackal (ally target), a friendly quokka (summoned) and a
friendly rat (summoned).

Vanquished Creatures (collateral kills)
  A jackal (D:1)
  A frilled lizard (D:1)
2 creatures vanquished.

Notes
Turn   | Place    | Note
-------+----------+-------------------------------------------
     0 | D:1      | ChadusMaximus the Barachi Summoner began the quest for the
                  | Orb.
     0 | D:1      | Reached XP level 1. HP: 13/13 MP: 3/3
    60 | D:1      | Slain by a jackal

Illustrated notes

Levels and vault maps discovered:
D:1:      dpeg_arrival_water_temple_mockup, layout_basic

Action                     || total
---------------------------++-------
  Melee: Unarmed           ||     6
         Whip              ||     1
   Cast: Summon Small Mamm ||     5
Ability: Hop               ||     1
 Armour: Robe              ||     5
  Dodge: Dodged            ||    24
